Map: [ESL] Dragon Scales

Players

ByuN

  • Race: Terran Terran

Maru - Winner!

  • Race: Terran Terran

Event: IEM Katowice 2023

VOD

Have the link to the VOD?

Description

Time

  • Played on: Feb. 9, 2023, 2:37 p.m.
  • Length: 10:50

All games in this series

Show
View Real Time Build Order
Export as new Build Order

ByuN Terran 

Build Orders:  

Get SALT Encoding   

  12  0:00  SCV  
  13  0:13  Supply Depot  
  13  0:17  SCV  
  14  0:35  Barracks  
  14  0:40  Refinery  
  14  0:52  Barracks  
  14  0:57  SCV  
  15  1:09  SCV  
  16  1:23  Orbital Command, Reaper  
  17  1:30  Refinery  
  17  1:41  Reaper  
  18  1:49  SCV  
  19  1:58  Supply Depot, Reaper  
  20  2:02  SCV  
  21  2:13  Reaper  
  21  2:14  SCV  
  23  2:25  Factory  
  23  2:28  SCV  
  24  2:35  Reaper  
  25  2:40  SCV  
  26  2:47  Reaper  
  27  2:52  SCV  
  26  3:04  SCV  
  27  3:10  Factory Tech Lab, Reaper  
  28  3:16  SCV  
  28  3:17  Command Center  
  29  3:24  Supply Depot  
  29  3:30  SCV  
  30  3:42  Starport  
  30  3:45  SCV  
  30  3:46  Cyclone  
  34  3:58  SCV  
  35  4:05  Supply Depot  
  35  4:10  SCV  
  36  4:18  Cyclone  
  36  4:22  SCV  
  38  4:26  Medivac  
  40  4:34  SCV  
  40  4:37  Orbital Command  
  41  4:40  Refinery  
  41  4:46  SCV  
  42  4:59  Factory Tech Lab  
  42  5:02  SCV  
  42  5:03  SCV  
  42  5:04  Command Center  
  42  5:06  Cloaking Field, Banshee  
  47  5:14  SCV  
  47  5:15  SCV  
  47  5:19  Barracks Reactor  
  49  5:22  Siege Tank  
  49  5:26  SCV  
  49  5:27  SCV  
  54  5:32  Supply Depot  
  54  5:38  SCV  
  54  5:39  SCV  
  56  5:49  Banshee  
  59  5:50  SCV  
  59  5:51  SCV  
  59  5:55  Barracks x2  
  59  5:56  Siege Tank, Marine  
  65  5:58  Marine  
  65  6:02  SCV  
  65  6:03  SCV  
  68  6:05  Supply Depot  
  68  6:14  SCV  
  68  6:15  Marine  
  68  6:16  Marine, SCV  
  68  6:17  Orbital Command  
  72  6:28  Siege Tank, Supply Depot  
  78  6:34  SCV  
  78  6:35  Marine, SCV  
  78  6:36  Marine  
  79  6:45  Barracks Tech Lab  
  79  6:46  Barracks Tech Lab  
  79  6:47  Starport Reactor  
  79  6:50  Engineering Bay, SCV x2  
  79  6:52  Engineering Bay  
  81  6:54  Engineering Bay  
  81  6:55  Refinery  
  81  6:59  Marine x2  
  81  7:01  Combat Shield  
  84  7:04  Marine x2  
  84  7:07  Stimpack  
  84  7:14  SCV  
  86  7:15  SCV x2  
  86  7:18  Marine  
  86  7:19  Marine, Barracks x2  
  86  7:22  Marine x2, Supply Depot  
  91  7:23  Siege Tank  
  94  7:30  Terran Infantry Armor Level 1, Terran Infantry Weapons Level 1  
  94  7:37  Marine x2  
  94  7:39  Marine x2  
  94  7:54  Marine x2  
  94  7:55  Siege Tank  
  94  7:57  Marine x2, Medivac  
  99  8:00  Medivac  
  99  8:02  SCV x2  
  99  8:08  Orbital Command  
  99  8:12  Marine x2  
  93  8:13  Barracks Reactor  
  93  8:14  SCV  
  93  8:15  Marine x2, Barracks Reactor, Missile Turret  
  93  8:17  SCV  
  93  8:19  Armory  
  99  8:26  SCV  
  100  8:27  Medivac  
  100  8:29  SCV  
  100  8:30  Marine x2, Medivac  
  100  8:33  Marine x2  
  109  8:38  SCV x2  
  111  8:44  Siege Tank  
  111  8:48  Marine x2  
  115  8:50  Marine  
  115  8:51  Sensor Tower  
  117  8:55  Supply Depot  
  117  9:03  Command Center  
  117  9:07  Marine  
  117  9:08  Marine x3  
  117  9:10  Marine, SCV x3  
  117  9:11  Marine  
  117  9:13  Marine x2  
  117  9:16  Siege Tank  
  111  9:25  Marine  
  111  9:30  Marine  
  111  9:31  Marine x5  
  109  9:32  Marine, Medivac  
  95  9:43  Marine  
  93  9:48  Marine  
  94  9:56  Marine  
  94  9:57  Marine x4  
  94  9:58  Marine  
  94  10:00  Siege Tank  
  94  10:01  Marine  
  94  10:05  Marine  
  86  10:14  Marine x2, Medivac  
  86  10:15  Marine x2, Medivac  
  94  10:27  Marine  
  94  10:28  Marine x2  
Show
View Real Time Build Order
Export as new Build Order

Maru Terran - Winner!

Build Orders:  

Get SALT Encoding   

  12  0:00  SCV  
  13  0:12  SCV  
  14  0:17  Supply Depot  
  14  0:24  SCV  
  15  0:38  SCV  
  15  0:40  Barracks  
  16  0:43  Refinery  
  16  0:50  SCV  
  16  0:52  Refinery  
  17  1:02  SCV  
  18  1:14  SCV  
  19  1:27  Orbital Command  
  19  1:28  Reaper  
  20  1:33  Supply Depot  
  20  1:41  Factory  
  20  1:53  SCV  
  21  2:00  Reaper  
  21  2:05  SCV  
  22  2:17  SCV  
  23  2:25  Hellion  
  26  2:32  Reaper  
  26  2:37  Command Center  
  26  2:41  SCV  
  26  2:47  Hellion  
  27  2:55  SCV  
  27  3:06  Starport  
  27  3:11  Hellion  
  30  3:15  Supply Depot  
  30  3:17  Marine  
  30  3:19  SCV  
  31  3:35  Factory Tech Lab  
  31  3:36  Barracks Reactor  
  31  3:37  SCV  
  32  3:44  Medivac  
  34  3:49  SCV  
  34  3:55  Orbital Command  
  35  4:01  SCV  
  36  4:03  Cyclone  
  39  4:13  SCV  
  39  4:14  Starport Tech Lab  
  39  4:16  Marine x2  
  42  4:25  SCV  
  42  4:33  Orbital Command, Supply Depot  
  42  4:34  Marine x2  
  42  4:38  Siege Tank  
  45  4:43  SCV  
  46  4:52  Marine x2  
  48  4:56  SCV  
  48  4:57  Command Center  
  48  4:59  SCV  
  50  5:03  Raven  
  52  5:09  Marine, SCV  
  52  5:11  SCV  
  55  5:17  Refinery  
  55  5:21  SCV  
  56  5:22  Siege Tank  
  56  5:23  SCV, Supply Depot  
  60  5:31  Supply Depot  
  60  5:33  SCV  
  60  5:35  SCV  
  61  5:45  SCV  
  61  5:46  Barracks  
  61  5:47  Barracks, Raven  
  64  5:50  Marine  
  64  5:51  Marine  
  64  5:53  SCV  
  64  5:56  Supply Depot  
  67  5:57  SCV  
  67  6:02  Siege Tank  
  71  6:06  SCV, Refinery  
  71  6:09  SCV  
  71  6:12  Orbital Command  
  71  6:17  Engineering Bay  
  71  6:18  SCV  
  72  6:20  Engineering Bay  
  72  6:21  SCV  
  73  6:30  SCV  
  74  6:33  SCV  
  74  6:34  Barracks Reactor x2  
  74  6:35  Viking  
  74  6:36  Viking  
  77  6:47  Stimpack  
  77  6:48  SCV x2  
  77  6:53  Orbital Command  
  79  6:55  Missile Turret  
  79  6:59  Terran Infantry Weapons Level 1  
  79  7:00  SCV  
  80  7:06  SCV  
  83  7:08  Barracks  
  83  7:09  Barracks  
  83  7:12  Marine x2, SCV  
  83  7:13  Marine  
  83  7:14  Supply Depot  
  87  7:18  Siege Tank  
  87  7:19  Terran Infantry Armor Level 1  
  87  7:20  SCV  
  87  7:21  SCV  
  90  7:24  SCV  
  90  7:25  Supply Depot  
  91  7:31  Marine x2, Medivac  
  91  7:32  SCV  
  91  7:33  SCV  
  91  7:36  SCV  
  88  7:44  SCV  
  88  7:46  SCV  
  88  7:48  SCV  
  88  7:49  Marine  
  88  7:50  Marine  
  83  7:56  SCV  
  83  7:58  SCV  
  79  8:00  SCV  
  79  8:01  Marine x2  
  81  8:08  SCV  
  81  8:10  SCV  
  81  8:12  Marine x2, SCV  
  84  8:16  Siege Tank  
  88  8:20  SCV  
  88  8:22  SCV  
  88  8:24  Marine x4, SCV  
  88  8:27  Combat Shield  
  95  8:33  SCV  
  95  8:34  SCV, Supply Depot  
  96  8:36  Marine x3  
  96  8:37  SCV  
  104  8:42  Marine x2, Medivac x2  
  104  8:45  SCV  
  104  8:46  SCV  
  104  8:47  Marine x2  
  111  8:49  SCV  
  111  8:52  Supply Depot  
  111  8:53  Marine  
  111  8:54  Siege Tank  
  116  8:57  Marine x2, SCV  
  116  8:58  SCV  
  116  9:00  Marine  
  116  9:01  SCV  
  119  9:12  Marine  
  119  9:13  Marine  
  119  9:14  Marine x2  
  119  9:15  Marine x2  
  117  9:18  Marine  
  105  9:26  Siege Tank  
  105  9:29  Marine  
  105  9:30  Marine  
  105  9:32  Marine x3  
  105  9:33  Marine  
  105  9:36  Marine  
  95  9:40  Medivac  
  95  9:41  SCV  
  96  9:47  Marine  
  96  9:48  Marine, SCV  
  96  9:50  Marine x4  
  102  9:54  Marine  
  102  9:58  Siege Tank  
  102  9:59  SCV  
  99  10:05  Marine  
  99  10:06  Marine  
  101  10:08  Marine x4  
  101  10:12  Marine  
  106  10:23  Marine  
  106  10:24  Marine  
  106  10:25  Marine x2  
  106  10:26  SCV x2  
  110  10:28  Marine  
  110  10:30  SCV  

Tags
 
Add a new tag
Caveats
  • Supply blocks, unpowered buildings, or Contaminate may cause inaccurate times.
  • Supply counts are checked every 10 seconds.